 Dungeon Crawl Stone Soup version 0.30-a0-377-g5cb311bc9f (webtiles) character file.

Game seed: 12327916259038058980

48 roflturtle the Conjurer (level 3, -10/19 HPs)
             Began as a Tengu Fire Elementalist on Nov 28, 2022.
             Mangled by Crazy Yiuf
             ... wielding a +4 quarterstaff of chaos
              (13 damage)
             ... on level 2 of the Dungeon.
             The game lasted 00:04:42 (1737 turns).

roflturtle the Conjurer (Tengu Fire Elementalist)   Turns: 1737, Time: 00:04:43

Health: -10/19     AC:  3    Str:  3    XL:     3   Next: 72%
Magic:  2/2        EV: 12    Int: 17    God:
Gold:   97         SH:  0    Dex: 14    Spells: 1/7 levels left

rFire   . . .      SeeInvis +    j - +9 spear "Transmigrator" {antimagic, rElec rPois Str-5 SInv}
rCold   . . .      Faith    .    (no shield)
rNeg    . . .      Spirit   .    a - +0 robe
rPois   +          Reflect  .    (helmet restricted)
rElec   +          Harm     .    g - +0 cloak
rCorr   .          Rampage  .    (no gloves)
Will    .....                    (boots unavailable)
Stlth   ++........               (no amulet)
HPRegen 0.23/turn                (no ring)
MPRegen 0.08/turn                (no ring)

@: no status effects
A: beak, talons 3
a: no special abilities


You were on level 2 of the Dungeon.
You visited 1 branch of the dungeon, and saw 2 of its levels.

You collected 97 gold pieces.

Inventory:

Hand Weapons
 e - a +2 dagger of electrocution
 j - the +9 spear "Transmigrator" (weapon) {antimagic, rElec rPois Str-5 SInv}
   (You found it on level 2 of the Dungeon)

   It reduces the magical energy of the wielder, and disrupts the spells and
   magical abilities of those it strikes.
   Natural abilities and divine invocations are not affected.
   Str:       It affects your strength (-5).
   rElec:     It insulates you from electricity.
   rPois:     It protects you from poison.
   SInv:      It lets you see invisible.
Armour
 a - a +0 robe (worn)
 g - a +0 cloak (worn)
Scrolls
 c - a scroll of immolation {unknown}
 d - a scroll of blinking {unknown}
 f - a scroll of fog {unknown}
 h - 2 scrolls of identify {unknown}
 i - a scroll of amnesia {unknown}
 l - a scroll of magic mapping {unknown}
Potions
 b - a potion of magic
 k - 2 potions of mutation {unknown}
 m - a potion of degeneration {unknown}


   Skills:
 - Level 2.1 Dodging
 - Level 2.0 Stealth
 + Level 2.5 Spellcasting
 - Level 4.0 Conjurations
 - Level 3.2 Fire Magic


You had one spell level left.
You knew the following spells:

 Your Spells              Type           Power      Damage    Failure   Level
a - Foxfire               Conj/Fire      56%        2x1d6     4%          1
b - Scorch                Fire           26%        2d6       7%          2
c - Inner Flame           Hex/Fire       7%         N/A       28%         3

Your spell library contained the following spells:

 Spells                   Type           Power      Damage    Failure   Level
 Kindle Blastsparks       Fire/Tloc/Air  10%        2d10      34%         3
 Flame Wave               Conj/Fire      14%        2d6       38%         4
 Gell's Gravitas          Tloc           2%         N/A       50%         3
 Teleport Other           Tloc           2%         N/A       50%         3
 Dispersal                Tloc           1%         N/A       100%        6


Dungeon Overview and Level Annotations

Branches:
Dungeon (2/15)

Altars:
Qazlal

Shops:
D:1 :

Annotations:
D:2 Crazy Yiuf


Innate Abilities, Weirdness & Mutations

You have a beak for a mouth.
You have claws for feet.


Message History

You conjure some foxfire!
The foxfire hits the dart slug.
The dart slug is heavily wounded.
You conjure some foxfire!
The foxfire hits the dart slug.
The dart slug is heavily wounded.
You conjure some foxfire!
The foxfire hits the dart slug.
You kill the dart slug!
Found a stone staircase leading up.
You see here a dart slug corpse.
You see here 2 boomerangs.
l - a scroll labelled DIPTIZI CICEHO
There is a stone staircase leading up here.
Found a stone staircase leading down.
There is a stone staircase leading down here.
m - a smoky ruby potion
Found a hammer.
Found a runed translucent door.
Crazy Yiuf shouts!
Casting: Foxfire (safe; 4% risk of failure)
Confirm with . or Enter, or press ? or * to list all spells.
You can't see any susceptible monsters within range! (Use Z to cast anyway.)
Your +2 dagger of electrocution stops crackling.
You feel weaker.
You feel magic leave you.
j - the +9 spear "Transmigrator" (weapon)
{antimagic, rElec rPois Str-5 SInv} You open the door.
You hit Crazy Yiuf but do no damage. You punch Crazy Yiuf, but do no damage.
Crazy Yiuf hits you with a +4 quarterstaff of chaos!
Ouch! That really hurt!
Crazy Yiuf freezes you.
* * * LOW HITPOINT WARNING * * *
You puncture Crazy Yiuf! You claw Crazy Yiuf.
Crazy Yiuf is heavily wounded.
Crazy Yiuf barely misses you.
You hit Crazy Yiuf. You claw Crazy Yiuf, but do no damage.
Crazy Yiuf is almost dead.
Crazy Yiuf hits you with a +4 quarterstaff of chaos!
Ouch! That really hurt!
You die...

#(.# #.# #.# #.#####
#..# #.# #.# #.# #.<#
#.# #.# #.# #..##
##### ### ###
#.#.###.#
.###....##♣♣♣♣♣
#######
#.#.###.....♣.♣♣♣ ###
####......
#..####......♣..♣#...#
#......... #.##
#......♣♣♣♣@g...#
####...... #.#
#.....♣♣ ♣♣#..)#
#..###. #.####..##♣♣
### #..###. #....>..#
#...... #######.#
####..###> ### ###
########......... #.#
#.....#.####.##.. #.#
#.........##.##.. #.#
###.##..#....##..


You could see Crazy Yiuf.

Vanquished Creatures
  An adder (D:2)
  2 dart slugs (D:2)
  2 bats
  4 endoplasms
  A giant cockroach (D:1)
  5 goblins
  3 hobgoblins
  4 jackals (D:1)
  3 kobolds (D:1)
  A quokka (D:1)
  3 ball pythons (D:1)
  A rat (D:1)
30 creatures vanquished.

Vanquished Creatures (others)
  71 foxfires
71 creatures vanquished.

Grand Total: 101 creatures vanquished

Notes
Turn   | Place    | Note
-------+----------+-------------------------------------------
     0 | D:1      | roflturtle the Tengu Fire Elementalist began the quest for
                  | the Orb.
     0 | D:1      | Reached XP level 1. HP: 10/10 MP: 4/4
    79 | D:1      | Found Geimpocs's Vocational Training.
    84 | D:1      | Reached skill level 2 in Conjurations
   371 | D:1      | Reached XP level 2. HP: 10/15 MP: 6/6
   374 | D:1      | Learned a level 2 spell: Scorch
   407 | D:1      | Reached skill level 3 in Conjurations
   815 | D:1      | Reached XP level 3. HP: 19/19 MP: 3/7
  1068 | D:2      | Found a stormy altar of Qazlal.
  1178 | D:2      | Reached skill level 4 in Conjurations
  1214 | D:2      | Identified the +9 spear "Transmigrator" {antimagic, rElec
                  | rPois Str-5 SInv}
  1233 | D:2      | Learned a level 3 spell: Inner Flame
  1725 | D:2      | Found a runed translucent door.
  1726 | D:2      | Noticed Crazy Yiuf
  1737 | D:2      | Mangled by Crazy Yiuf

Illustrated notes

Levels and vault maps discovered:
D:1:      evilmike_arrival_crescent, layout_basic, nrook_mini_backslash,
          nicolae_shop_vocational
D:2:      layout_loops_ring, basic_altar, uniq_crazy_yiuf_cottage

Skill      XL: |  1  2  3 |
---------------+----------+-----
Conjurations   | 2 3 4 |  4.0
Dodging        | |  2.1
Stealth        | |  2.0
Spellcasting   | |  2.5
Fire Magic     | |  3.2

Action                   || total
-------------------------++-------
Melee: Dagger            ||     9
       Kick              ||     6
       Short sword       ||     2
       Peck              ||     1
       Spear             ||     3
       Punch             ||     1
 Cast: Foxfire           ||    48
 Stab: Distracted        ||     1
Armor: Robe              ||     3
Dodge: Dodged            ||     4

Table legend: (Time is in decaauts)
 A = Elapsed time spent in this place.
 B = Non-inter-level travel time spent in this place.
 C = Inter-level travel time spent in this place.
 D = Time resting spent in this place.
 E = Time spent auto-exploring this place.
 F = Levels seen in this place.
 G = Mean time per level.
                   A        B        C        D        E       F      G
               +--------+--------+--------+--------+--------+-----+--------+
         Total |   1736 |   1705 |     31 |      0 |   1512 |   2 |  868.0 |
       Dungeon |   1736 |   1705 |     31 |      0 |   1512 |   2 |  868.0 |
               +--------+--------+--------+--------+--------+-----+--------+

Top non-repeatable levels by time:
     D:1: 1035 daAuts
     D:2: 700 daAuts
